Unix NetHack Version 5.0.0-0 post-release - last build May 31 2026 23:59:36 (970b52f25bf058293b47ddfd14a1e40e571c508c,branch:main).

Game began 2026-06-01 17:11:26, ended 2026-06-01 20:03:10.

Koku, neutral female gnomish Wizard

              -------          ---------------
              |......##    ##  +.............|
              |.....|`######   |.<...........|
              |.....|##   #####...............
             #......|          |......{......|
           ###|.....|          --+------------
           #  |.....|
           #  -------
          ##
  ------- # ##
  |%?.@.|## #
  |.!m!.-###
  |/%)[@|
  -------

Koku the Conjurer         St:10 Dx:7 Co:18 In:19 Wi:11 Ch:9  Neutral
Dlvl:4  $:39 HP:28(36) Pw:34(49) AC:8  Xp:4 T:1188 

Latest messages:
 With great effort you move the boulder.
 You try to move the boulder, but in vain.
 You try to move the boulder, but in vain.
 You see here a bullwhip.
 You don't find anything here to loot.
 I - a bullwhip.
 You hear someone counting gold coins.
 You see here 7 gold pieces.
 $ - 7 gold pieces (39 in total).
 You swap places with the peaceful gnome.
 Tulip misses the gnome.
 Tulip bites the gnome.
 Tulip bites the gnome.
 The gnome is killed!
 You see here 5 daggers.
 J - 5 daggers.
 You have no ammunition readied.
 What do you want to fire? [$opuIJ or ?*] J
 You ready: J - 5 daggers.
 In what direction? 2
 You see here a dagger.
 J - a dagger (at the ready) (5 in total).
 The door opens.
 "Hello, Koku!  Welcome to Kopasker's general store!"
 You see here a scale mail (for sale, 60 zorkmids).
 You miss the small mimic.
 You hit the small mimic.
 The small mimic wakes up!
 The small mimic hits!
 In what direction? 4
 The spell hits the small mimic!
 The spell hits the small mimic!
 In what direction? 4
 The spell hits the small mimic!
 Tulip eats a tripe ration.
 In what direction? 4
 The spell hits the small mimic!
 You kill the small mimic!
 Welcome to experience level 3.
 The spell hits Tulip!
 You kill poor Tulip!
 Welcome to experience level 4.
 You hear the rumble of distant thunder...
 Really quit without saving? [yn] (n) y
 Kopasker gratefully inherits all your possessions.
 Do you want to see what you had when you quit? [ynq] (y) y
 Do you want to see your attributes? [ynq] (y) y
 Do you want an account of creatures vanquished? [ynaq] (y) y
 Do you want to see your conduct and achievements? [ynq] (y) y
 Do you want to see the dungeon overview? [ynq] (y) y

Inventory:
 Coins    ('$')
  $ - 39 gold pieces
 Weapons  (')')
  t - 6 cursed +0 ya
  s - a +0 sling
  u - 14 +0 darts
  p - 6 +0 shuriken
  J - 5 +0 daggers (at the ready)
  o - 2 +0 orcish daggers
  I - a +0 bullwhip
  a - a blessed +1 quarterstaff (weapon in hands)
 Armor    ('[')
  v - an uncursed +0 orcish helm (being worn)
  b - an uncursed +0 cloak of magic resistance (being worn)
 Comestibles  ('%')
  B - an uncursed food ration
  w - an uncursed lichen corpse
 Scrolls  ('?')
  D - an uncursed scroll of create monster
  k - an uncursed scroll of food detection
  j - an uncursed scroll of genocide
  G - an uncursed scroll of light
  E - an uncursed scroll of scare monster
 Spellbooks  ('+')
  m - an uncursed spellbook of extra healing
  l - a blessed spellbook of force bolt
  q - an uncursed spellbook of healing
 Potions  ('!')
  g - an uncursed potion of levitation
  A - an uncursed potion of restore ability
  f - an uncursed potion of sickness
 Rings    ('=')
  x - a cursed -1 ring of gain constitution
  e - an uncursed ring of protection from shape changers (on right hand)
  d - an uncursed ring of shock resistance (on left hand)
 Wands    ('/')
  r - a wand of digging (0:4)
  c - a wand of magic missile (0:7)
 Tools    ('(')
  n - a magic marker (0:22)
 Gems/Stones  ('*')
  h - an uncursed worthless piece of red glass
  y - an uncursed worthless piece of yellowish brown glass

Koku the Wizard's attributes:

Background:
 You were a Conjurer, a level 4 female gnomish Wizard.
 You were neutral, nominally on a mission for Thoth
 who was opposed by Ptah (lawful) and Anhur (chaotic).
 You were right-handed.
 You were in the Dungeons of Doom, on level 4.
 You entered the dungeon 1188 turns ago.
 There was a full moon in effect when your adventure ended.
 You had 84 experience points, 76 more were needed to attain level 5.

Basics:
 You had 28 out of 36 hit points.
 You had 34 out of 49 energy points (spell power).
 Your armor class was 8.
 Your wallet contained 39 zorkmids.
 Autopickup was off.

Final Characteristics:
 Your strength was 10 (limit:18/50).
 Your dexterity was 7 (limit:18).
 Your constitution was 18 (limit:18).
 Your intelligence was 19 (limit:19).
 Your wisdom was 11 (limit:18).
 Your charisma was 9 (limit:18).

Final Status:
 You weren't hungry.
 You were unencumbered.
 You were wielding a quarterstaff.
 You had basic skill with quarterstaff.

Final Attributes:
 You had transgressed.
 You were magic-protected.
 You were shock resistant.
 Your items were protected from electric shocks.
 You had infravision.
 You were warded.
 You were protected from shape changers.
 You survived.

Miscellaneous:
 You didn't encounter any bones levels.
 Total elapsed playing time was 6 minutes and 41 seconds.

Major events:
 Turn
    1: Koku the neutral female gnomish Wizard entered the dungeon
 1187: attained the rank of Conjurer (level 3)
 1188: quit

Spells:
 Name                 Level Category     Fail Retention
 force bolt             1   attack         0%  91%-100%
 healing                1   healing        0%  76%-100%
 extra healing          3   healing       81%  76%-100%

Skills:
 Fighting Skills
   bare handed combat [Unskilled]
   riding             [Unskilled]
 Weapon Skills
   dagger             [Unskilled]
   knife              [Unskilled]
   axe                [Unskilled]
   short sword        [Unskilled]
   club               [Unskilled]
   mace               [Unskilled]
   quarterstaff       [Basic]
   polearms           [Unskilled]
   spear              [Unskilled]
   trident            [Unskilled]
   sling              [Unskilled]
   dart               [Unskilled]
   shuriken           [Unskilled]
 Spellcasting Skills
   attack spells      [Basic]
   healing spells     [Unskilled]
   divination spells  [Unskilled]
   enchantment spells [Basic]
   clerical spells    [Unskilled]
   escape spells      [Unskilled]
   matter spells      [Unskilled]

Voluntary challenges:
 Character rerolling was not enabled.
 You were an atheist.
 You never genocided any monsters.
 You never polymorphed an object.
 You never changed form.
 You used no wishes.
Achievements:
 You entered a shop.
 You attained the rank of Conjurer.

 The Dungeons of Doom: levels 1 to 4
    Level 1:
    Level 2:
       A fountain.
    Level 3:
       A fountain.
    Level 4: <- You were here.
       A general store, a fountain.


Vanquished creatures:
  a small mimic
  a kitten
  2 giant rats
  a gnome
  2 geckos
  3 jackals
  2 foxes
  2 goblins
  2 grid bugs
  3 lichens
  a kobold zombie
  3 newts
23 creatures vanquished.

No species were genocided or became extinct.

Goodbye Koku the Wizard...

You quit in The Dungeons of Doom on dungeon level 4 with 525 points,
and 39 pieces of gold, after 1188 moves.
You were level 4 with a maximum of 36 hit points when you quit.

